 Dungeon Crawl Stone Soup version 0.26-a0-497-g0187308201 (webtiles) character file.

Game seed: 9786287889019316577

22818 Infinimo the Arsonist (level 13, -11/110 HPs)
             Began as a Hill Orc Fire Elementalist on Aug 6, 2020.
             Was an Initiate of Gozag.
             Mangled by Rupert
             ... wielding a +1 great sword of holy wrath
              (19 damage)
             ... on level 4 of the Lair of Beasts.
             The game lasted 00:25:45 (23814 turns).

Infinimo the Arsonist (Hill Orc Fire Elementalist) Turns: 23814, Time: 00:25:45

Health: -11/110    AC: 16    Str:  9    XL:     13   Next: 2%
Magic:  2/23       EV: 12    Int: 22    God:    Gozag
Gold:   2841       SH:  0    Dex:  9    Spells: 11/26 levels left

rFire    + . .     SeeInvis .   B - +9 lance "Wyrmbane" {slay drac, rPois rF+ rC+ AC+3}
rCold    + . .     Faith    .   (no shield)
rNeg     + . .     Spirit   .   a - +1 robe
rPois    +         Reflect  .   E - +2 helmet "Waus Aloth" {rElec MR++ Dex-2 Slay+2}
rElec    +         Harm     .   i - scarf {repulsion}
rCorr    .                      (no gloves)
MR       ++...                  w - +2 pair of boots
Stlth    ++........             (no amulet)
HPRegen  0.28/turn              v - ring of Porebral {rN+ Str-3 Int+3}
MPRegen  0.18/turn              h - +4 ring of protection

@: about to teleport, repel missiles
A: no striking features
a: Potion Petition, Call Merchant, Bribe Branch, Renounce Religion


You were on level 4 of the Lair of Beasts.
You worshipped Gozag.
Gozag was most pleased with you.
You visited 3 branches of the dungeon, and saw 15 of its levels.

You collected 2942 gold pieces.
You paid 101 gold pieces to Gozag.

Inventory:

Hand Weapons
 B - the +9 lance "Wyrmbane" (weapon) {slay drac, rPois rF+ rC+ AC+3}
   (You took it off Maggie on level 9 of the Dungeon)

   It affects your AC (+3).
   It protects you from fire.
   It protects you from cold.
   It protects you from poison.
Armour
 a - a +1 robe (worn)
 i - a scarf of repulsion (worn)
 w - a +2 pair of boots (worn)
 E - the +2 helmet "Waus Aloth" (worn) {rElec MR++ Dex-2 Slay+2}
   (You acquired it on level 11 of the Dungeon)

   It affects your dexterity (-2).
   It affects your accuracy and damage with ranged weapons and melee attacks
   (+2).
   It insulates you from electricity.
   It affects your resistance to hostile enchantments.
Jewellery
 h - a +4 ring of protection (right hand)
 v - the ring of Porebral (left hand) {rN+ Str-3 Int+3}
   (You found it on level 5 of the Dungeon)

   [ring of positive energy]

   It affects your strength (-3).
   It affects your intelligence (+3).
   It protects you from negative energy.
 H - the ring of Mucrirokh {rF+ MP+9 Dex+4, unknown}
   (You found it on level 1 of the Lair of Beasts)

   [ring of protection from fire]

   It affects your dexterity (+4).
   It protects you from fire.
   It affects your magic capacity (+9).
Wands
 e - a wand of iceblast (22)
 f - a wand of disintegration (9)
 r - a wand of acid (28)
 D - a wand of digging (6)
Scrolls
 n - 2 scrolls of teleportation
 o - a scroll of immolation
 q - 3 scrolls of remove curse
 s - a scroll of magic mapping
 y - 3 scrolls of fog
 F - a scroll of summoning
 G - 2 scrolls of identify
Potions
 b - 3 potions of stabbing
 c - 2 potions of haste
 d - a potion of curing
 g - 2 potions of degeneration
 j - 2 potions of magic
 k - 3 potions of lignification
 l - a potion of flight
 m - 3 potions of invisibility
 p - 2 potions of brilliance
 t - a potion of mutation
 u - a potion of heal wounds
 x - 2 potions of ambrosia
 z - a potion of cancellation {unknown}
 A - a potion of resistance
 C - a potion of berserk rage {unknown}


   Skills:
 + Level 8.9 Fighting
 - Level 1.5 Dodging
 - Level 1.5 Stealth
 + Level 7.1 Spellcasting
 * Level 12.5 Conjurations
 * Level 13.9 Fire Magic


You had 11 spell levels left.
You knew the following spells:

 Your Spells              Type           Power        Failure   Level
a - Foxfire               Conj/Fire      ####         1%          1
b - Sticky Flame          Conj/Fire      ######..     1%          4
c - Fireball              Conj/Fire      ######....   1%          5
d - Bolt of Magma         Conj/Fire/Erth #####.....   6%          5

Your spell library contained the following spells:

 Spells                   Type           Power        Failure   Level
 Conjure Flame            Conj/Fire      ######..     1%          3
 Inner Flame              Hex/Fire       #####...     1%          3
 Iskenderun's Battlesphe  Conj           ######..     1%          5
 Ignite Poison            Fire/Tmut/Pois ####....     3%          3
 Mephitic Cloud           Conj/Pois/Air  ####....     4%          3
 Beastly Appendage        Tmut           #.....       9%          1
 Sting                    Tmut/Pois      #...         9%          1
 Poisonous Vapours        Pois/Air       #.....       12%         2
 Wereblood                Tmut           #.......     12%         2
 Spider Form              Tmut/Pois      #.........   24%         3
 Orb of Destruction       Conj           ######....   36%         7
 Ice Form                 Ice/Tmut       #.......     63%         4
 Olgreb's Toxic Radiance  Pois           #.......     63%         4
 Iron Shot                Conj/Erth      #####.....   67%         6
 Blade Hands              Tmut           #.........   92%         5
 Spellforged Servitor     Conj/Summ      #####.....   99%         7


Dungeon Overview and Level Annotations

Branches:
Dungeon (11/15)            Temple (1/1) D:4            Lair (2/6) D:11
 Spider (0/4) Lair:2          Orc (0/2) D:11
  Swamp: Lair:2-4    Shoals: Lair:2-4

Altars:
Ashenzari
Cheibriados
Dithmenos
Elyvilon
Fedhas
Gozag
Hepliaklqana
Kikubaaqudgha
Makhleb
Nemelex Xobeh
Okawaru
Qazlal
Ru
Sif Muna
Trog
Uskayaw
Vehumet
Wu Jian
Xom
Yredelemnul
Zin
The Shining One

Shops:
D:9 }

Annotations:
Lair:4 Rupert


Message History

Confirm with . or Enter, or press ? or * to list all spells.
Aiming: Bolt of Magma (dangerous; 6% risk of failure)
Press: ? - help, Shift-Dir - straight line, f/p - Rupert
Aim: Rupert, wielding a +1 great sword of holy wrath and wearing a +0 leather armour (moderately wounded, berserk)
The bolt of magma hits Rupert!!
Rupert is moderately wounded.
Casting: Bolt of Magma (dangerous; 6% risk of failure)
Confirm with . or Enter, or press ? or * to list all spells.
Aiming: Bolt of Magma (dangerous; 6% risk of failure)
Press: ? - help, Shift-Dir - straight line, f/p - Rupert
Aim: Rupert, wielding a +1 great sword of holy wrath and wearing a +0 leather armour (moderately wounded, berserk)
The bolt of magma hits Rupert!!
Rupert is heavily wounded.
As you read the scroll of teleportation, it crumbles to dust.
You feel strangely unstable.
Rupert hits you with a +1 great sword of holy wrath!!
* * * LOW HITPOINT WARNING * * *
Rupert hits you with a +1 great sword of holy wrath!!
You die...
Your body crumbles into a pile of gold.

### ### ###
#####.####P####.#
#......P.........
###................
##.....l......@.....
#######
#..@@..####.##P##.Pl
#.##.P## ##...####
#########. .......#
##..#.# . P..P..##
##..P.## .
.P.....####......# .
.......##......### .
..♣♣.)..#.....## .
≈≈≈≈........###
≈≈≈♣♣....#.##


You could see Rupert (berserk) and a wyvern.

Vanquished Creatures
  Josephine (D:11)
  3 hydras
  2 two-headed ogres
  A queen ant (D:10)
  Sonja (D:11)
  Pikel (D:4)
  3 manticores (D:11)
  Maurice (D:9)
  Joseph (D:8)
  A centaur skeleton (D:11)
  Maggie (D:9)
  A gargoyle (D:10)
  A cane toad (Lair:4)
  4 komodo dragons
  3 rime drakes
  A polar bear (Lair:4)
  Prince Ribbit (D:9)
  2 trolls (D:10)
  3 blink frogs
  2 hippogriffs
  6 wraiths (D:11)
  7 yaks
  Edmund (D:5)
  3 wargs (D:11)
  20 soldier ants (D:10)
  2 water moccasins (Lair:1)
  A porcupine (Lair:4)
  A hornet zombie (D:8)
  8 ice beasts
  3 orc warriors
  2 phantoms
  3 wolves (Lair:2)
  A boggart (D:8)
  3 centaurs
  5 ogres
  4 crocodiles
  3 lemures (D:4)
  A big kobold (D:8)
  5 bullfrogs
  4 scorpions
  4 killer bees (D:9)
  5 wights (D:11)
  3 howler monkeys
  A bullfrog zombie (D:9)
  2 quasits (D:9)
  9 orc priests
  A jelly (D:11)
  6 hounds
  10 orc wizards
  A gnoll shaman (D:8)
  24 worker ants
  Ijyb (D:5)
  4 iguanas
  2 hell rats (Lair:1)
  2 killer bee zombies
  2 hound zombies
  3 worker ant zombies
  A howler monkey zombie (D:5)
  5 gnolls (D:8)
  10 adders
  9 river rats (Lair:1)
  2 shadow imps
  3 white imps
  4 ufetubi
  An ooze (D:3)
  3 adder skeletons
  3 worms
  A dart slug (D:1)
  5 leopard geckos
  38 orcs
  8 bats
  5 giant cockroaches
  6 goblins
  4 hobgoblins
  7 jackals (D:3)
  5 kobolds
  2 quokkas
  A ball python (D:8)
  9 frilled lizards
  A jackal skeleton (D:7)
  A quokka zombie (D:5)
  8 rats
339 creatures vanquished.

Vanquished Creatures (others)
  1056 foxfires
  3 plants
1059 creatures vanquished.

Grand Total: 1398 creatures vanquished

Notes
Turn   | Place    | Note
-------+----------+-------------------------------------------
     0 | D:1      | Infinimo the Hill Orc Fire Elementalist began the quest for
                  | the Orb.
     0 | D:1      | Reached XP level 1. HP: 14/14 MP: 3/3
   203 | D:1      | Reached XP level 2. HP: 18/20 MP: 1/4
   956 | D:1      | Reached XP level 3. HP: 24/26 MP: 0/5
  2483 | D:3      | Reached skill level 4 in Fire Magic
  2800 | D:3      | Reached XP level 4. HP: 33/33 MP: 0/7
  3357 | D:3      | Reached XP level 5. HP: 38/38 MP: 4/8
  3624 | D:3      | You fall into a shaft and drop 2 floors!
  3624 | D:5      | Entered Level 5 of the Dungeon
  3647 | D:5      | Noticed Ijyb
  3664 | D:5      | Killed Ijyb
  3876 | D:5      | Reached skill level 5 in Fire Magic
  3994 | D:5      | Reached XP level 6. HP: 27/45 MP: 9/9
  4545 | D:4      | Reached XP level 7. HP: 50/50 MP: 4/11
  4807 | D:4      | Reached skill level 6 in Fire Magic
  4930 | D:4      | Found a staircase to the Ecumenical Temple.
  4954 | Temple   | Entered the Ecumenical Temple
  5365 | Temple   | Became a worshipper of Gozag Ym Sagoz the Greedy
  7094 | D:4      | Reached skill level 5 in Conjurations
  7322 | D:5      | Noticed Edmund
  7339 | D:5      | Killed Edmund
  7644 | D:5      | Noticed Pikel
  7722 | D:4      | Learned a level 4 spell: Sticky Flame
  7996 | D:4      | Killed Pikel
  7996 | D:4      | Reached skill level 7 in Fire Magic
  7996 | D:4      | Reached XP level 8. HP: 27/57 MP: 8/13
  8237 | D:5      | Got an ancient bronze ring
  8417 | D:6      | Found a transporter.
  8449 | D:6      | Noticed a two-headed ogre
  8467 | D:6      | Killed a two-headed ogre
  8467 | D:6      | Reached skill level 8 in Fire Magic
  8467 | D:6      | Reached XP level 9. HP: 36/62 MP: 6/15
  8918 | D:6      | Reached skill level 9 in Fire Magic
  9058 | D:6      | Found a transporter.
  9076 | D:6      | Found a burning altar of Makhleb.
  9076 | D:6      | Found a shimmering blue altar of Sif Muna.
  9077 | D:6      | Found a basalt altar of Yredelemnul.
  9121 | D:6      | Found a shattered altar of Ashenzari.
  9446 | D:6      | Reached skill level 1 in Fighting
 10687 | D:7      | Found a shadowy altar of Dithmenos.
 10742 | D:7      | Got a masterwork flail
 10743 | D:7      | Identified the +6 flail of the Vaults {vorpal, *Noise rC+
                  | Str+2 Int+4} (You found it on level 7 of the Dungeon)
 10744 | D:7      | Identified the ring of Porebral {rN+ Str-3 Int+3} (You
                  | found it on level 5 of the Dungeon)
 10931 | D:8      | Learned a level 5 spell: Fireball
 11204 | D:8      | Found a radiant altar of Vehumet.
 11204 | D:8      | Noticed an ice dragon
 11215 | D:8      | HP: 2/68 [ice dragon/blast of cold (12)]
 11414 | D:8      | Noticed Joseph
 11422 | D:7      | HP: 1/68 [ice dragon (6)]
 11976 | D:8      | Reached XP level 10. HP: 46/77 MP: 4/17
 12152 | D:8      | Noticed a two-headed ogre
 12168 | D:8      | Killed a two-headed ogre
 12168 | D:8      | Reached skill level 5 in Spellcasting
 12168 | D:8      | Reached skill level 10 in Fire Magic
 12408 | D:8      | Found a stormy altar of Qazlal.
 13028 | D:8      | Killed Joseph
 13475 | D:9      | Noticed Maurice
 13483 | D:9      | Killed Maurice
 13637 | D:9      | Noticed Prince Ribbit
 13644 | D:9      | Killed Prince Ribbit
 13883 | D:9      | Found Jiziceny's Gadget Shop.
 13973 | D:9      | Noticed Maggie
 13980 | D:9      | Reached skill level 11 in Fire Magic
 13991 | D:9      | Killed Maggie
 13991 | D:9      | Reached skill level 5 in Fighting
 14789 | D:10     | Entered Level 10 of the Dungeon
 14795 | D:9      | Reached skill level 10 in Conjurations
 14795 | D:9      | Reached XP level 11. HP: 88/88 MP: 17/19
 15125 | D:10     | Noticed a queen ant
 15658 | D:10     | Killed a queen ant
 16634 | D:10     | Reached skill level 12 in Fire Magic
 17961 | D:10     | Got a translucent dagger
 17962 | D:10     | Identified the +4 dagger of Hacw {freeze, Int+3} (You found
                  | it on level 10 of the Dungeon)
 18003 | D:11     | Noticed a manticore
 18020 | D:11     | Killed a manticore
 18445 | D:11     | Noticed a manticore
 18456 | D:11     | Killed a manticore
 18477 | D:11     | Found a staircase to the Lair.
 18488 | D:11     | Reached XP level 12. HP: 86/100 MP: 1/21
 18747 | D:11     | Found a staircase to the Orcish Mines.
 19329 | D:11     | Noticed a six-headed hydra
 19331 | D:11     | Noticed Sonja
 19345 | D:11     | Killed a six-headed hydra
 19469 | D:11     | Reached skill level 13 in Fire Magic
 19609 | D:11     | Killed Sonja
 19904 | D:11     | Noticed Josephine
 20270 | D:11     | Killed Josephine
 20866 | D:11     | Identified a scroll of acquirement
 20866 | D:11     | Acquired the +2 helmet "Waus Aloth" {rElec MR++ Dex-2
                  | Slay+2}
 20883 | D:11     | Learned a level 5 spell: Bolt of Magma
 20905 | Lair:1   | Entered Level 1 of the Lair of Beasts
 22025 | Lair:1   | Got a bound amber ring
 23131 | Lair:2   | Found a hole to the Spider Nest.
 23382 | Lair:2   | You fall into a shaft and drop 2 floors!
 23385 | Lair:4   | Noticed a four-headed hydra
 23392 | Lair:4   | Killed a four-headed hydra
 23461 | Lair:4   | Noticed a four-headed hydra
 23477 | Lair:4   | Killed a four-headed hydra
 23597 | Lair:4   | Reached XP level 13. HP: 90/110 MP: 18/23
 23795 | Lair:4   | Noticed Rupert
 23814 | Lair:4   | Mangled by Rupert

Illustrated notes

Levels and vault maps discovered:
D:1:      sevenhm_arrival_forest_fort_large_4, layout_basic, st_stairs_10
D:2:      layout_basic, minivault_4, minmay_crystal_room
D:3:      layout_basic
D:4:      layout_basic, minmay_temple_entry_wispy
D:5:      layout_cave_pools, uniq_pikel, uniq_ijyb, uniq_edmund
D:6:      gammafunk_cloud_chamber, layout_loops_ring,
          nicolae_overflow_quartered_altars
D:7:      layout_loops_ring, grunt_dithmenos_smoke_and_mirrors
D:8:      layout_loops_cross, jmf_multi_god_temple, uniq_joseph
D:9:      layout_basic, serial_shops, shop, uniq_prince_ribbit1, uniq_maggie,
          uniq_maurice
D:10:     layout_small_grid, minivault_29
D:11:     layout_roguey, erik_lair_orcish_takeover, david_orc_2,
          portal_ice_cave_rime, uniq_sonja, uniq_josephine
Temple:   hc_temple_tempest_star
Lair:1:   layout_chaotic_city, kennysheep_rathole, grunt_megastairs_1
Lair:2:   layout_cave_pods, dummy_spider_entry
Lair:4:   layout_concentric_octagons, chequers_serial_rivers_small_a,
          cheibrodos_lair_caveside_slide, serial_bayou_pond_a,
          grunt_forest_large_clearing_hut, uniq_rupert

Skill      XL: |  1  2  3  4  5  6  7  8  9 10 11 12 |
---------------+-------------------------------------+-----
Conjurations   | 2 3 4 6 7 8 10 11 12 | 12.5
Fire Magic     | 4 5 7 8 9 11 12 13 | 13.9
Spellcasting   | 2 3 4 5 6 7 |  7.1
Fighting       | 3 5 7 8 |  8.9
Dodging        | |  1.5
Stealth        | |  1.5

Action                   |  1- 3 |  4- 6 |  7- 9 | 10-12 | 13-15 || total
-------------------------+-------+-------+-------+-------+-------++-------
Melee: Short sword       |    10 |       |       |       |       ||    10
       Dagger            |     8 |    38 |    33 |       |       ||    79
       Flail             |       |       |    15 |    20 |       ||    35
       Lance             |       |       |       |   573 |     4 ||   577
 Cast: Foxfire           |   104 |    89 |   295 |   209 |     9 ||   706
       Sticky Flame      |       |       |    17 |    78 |     3 ||    98
       Fireball          |       |       |       |    11 |     1 ||    12
       Bolt of Magma     |       |       |       |       |     2 ||     2
  Use: Scroll            |     9 |       |    14 |     7 |     2 ||    32
       Potion            |       |       |     3 |     2 |       ||     5
 Stab: Distracted        |       |       |       |     1 |       ||     1
       Sleeping          |       |       |       |     1 |       ||     1
Armor: Robe              |     8 |     1 |    31 |   292 |     8 ||   340
Dodge: Dodged            |    18 |    26 |    91 |   434 |     5 ||   574
       Repelled          |       |       |     1 |     5 |       ||     6

Table legend: (Time is in decaauts)
 A = Elapsed time spent in this place.
 B = Non-inter-level travel time spent in this place.
 C = Inter-level travel time spent in this place.
 D = Time resting spent in this place.
 E = Time spent auto-exploring this place.
 F = Levels seen in this place.
 G = Mean time per level.
                   A        B        C        D        E       F      G
               +--------+--------+--------+--------+--------+-----+--------+
         Total |  23933 |  23079 |    854 |    439 |  19731 |  15 | 1595.5 |
       Dungeon |  20593 |  19810 |    783 |    434 |  16765 |  11 | 1872.1 |
        Temple |    420 |    386 |     34 |      0 |    373 |   1 |  420.0 |
          Lair |   2919 |   2882 |     37 |      5 |   2593 |   3 |  973.0 |
               +--------+--------+--------+--------+--------+-----+--------+

Top non-repeatable levels by time:
    D:10: 2989 daAuts
    D:11: 2650 daAuts
     D:3: 2368 daAuts
     D:8: 1990 daAuts
     D:4: 1920 daAuts
     D:9: 1880 daAuts
  Lair:1: 1849 daAuts
     D:7: 1724 daAuts
     D:1: 1472 daAuts
     D:6: 1422 daAuts
     D:5: 1184 daAuts
     D:2: 987 daAuts
  Lair:2: 636 daAuts
  Lair:4: 433 daAuts
  Temple: 420 daAuts
